 Dungeon Crawl Stone Soup version 0.31-a0-968-g24f9ace8b5 (webtiles) character file.

Game seed: 7550044561075013749

44 Dirtsage the Insei (level 3, -3/23 HPs)
             Began as an Octopode Shapeshifter on Oct 27, 2023.
             Slain by a gnoll
             ... wielding a +0 spear
              (4 damage)
             ... on level 2 of the Dungeon.
             The game lasted 00:01:36 (753 turns).

Dirtsage the Insei (Octopode Shapeshifter)           Turns: 753, Time: 00:01:37

Health: -3/23      AC:  1    Str: 13    XL:     3   Next: 62%
Magic:  3/3        EV: 13    Int: 12    God:
Gold:   80         SH:  5    Dex: 13    Spells: 2/2 levels left

rFire   . .          .
                       - Unarmed
rCold   . . .        (no shield)
rNeg    . . .        (helmet currently unavailable)
rPois   .            k - amulet of reflection
rElec   .            W - ring of wizardry
rCorr   .            (no ring)
SInv    .            (no ring)
Will    .....        (no ring)
Stlth   ++           (no ring)
HPRegen 0.23/turn    (no ring)
MPRegen 0.08/turn    (no ring)
                     (no ring)

%: reflection, wizardry (x1)
@: brilliant, beast-form
A: beast (slay +2), almost no armour, amphibious, 8 rings, camouflage 1,
gelatinous body 1, (nimble swimmer 1), tentacles
a: Begin Untransformation


You were on level 2 of the Dungeon.
You were a hulking beast.
You visited 1 branch of the dungeon, and saw 2 of its levels.

You collected 80 gold pieces.

Inventory:

Jewellery
 k - an amulet of reflection (around mantle)
 m - an amulet of guardian spirit
 W - a ring of wizardry (left tentacle)
Talismans
 b - a beast talisman
 c - a flux talisman
 d - a beast talisman
 j - a beast talisman
Scrolls
 f - a scroll of immolation {unknown}
 g - 3 scrolls of identify {unknown}
 h - a scroll of teleportation {unknown}
 i - a scroll of blinking {unknown}
 l - a scroll of amnesia {unknown}
Potions
 a - a potion of lignification
 e - a potion of brilliance


   Skills:
 + Level 1.6 Fighting
 - Level 2.0 Dodging
 * Level 3.6 Unarmed Combat
 * Level 3.5 Shapeshifting


You had 2 spell levels left.
You didn't know any spells.
Your spell library contained the following spells:

 Spells                   Type           Power      Damage    Failure   Level
 Brom's Barrelling Bould  Conj/Erth      0%         2d3       75%         4
 Fireball                 Conj/Fire      0%         3d3       97%         5
 Iskenderun's Battlesphe  Conj           0%         2d6       97%         5
 Conjure Ball Lightning   Conj/Air       0%         3x3d6     100%        6
 Orb of Destruction       Conj           0%         9d5       100%        7


Dungeon Overview and Level Annotations

Branches:
Dungeon (2/15)

Altars:


Innate Abilities, Weirdness & Mutations

You are a hulking beast.
Your limbs bulge with bestial killing power. (Slay +2)
You cannot wear most types of armour.
You are amphibious.
You can wear up to eight rings at the same time.
Your skin changes colour to match your surroundings (Stealth+).
Your rubbery body absorbs attacks. (AC +1, EV +1)
((You are camouflaged when in or above water. (Stealth+)))
You have tentacles for arms and can constrict up to eight enemies at once.


Message History

The bat misses you.
You barely miss the bat.
The gnoll shouts!
You grab the bat. You constrict the bat. The bat hits you but does no damage.
The bat struggles to escape constriction.
The bat escapes!
You tentacle-slap the bat.
You kill the bat!
A gnoll comes into view. It is wielding a +0 whip.
The gnoll shouts!
You tentacle-slap the kobold.
You kill the kobold!
The gnoll attacks as it pursues you!
The gnoll hits you from afar with a +0 spear.
You take 5 damage, and have 18/23 hp.
MASSIVE DAMAGE!!
The gnoll throws a throwing net.
The throwing net misses you.
The gnoll throws a throwing net.
The throwing net hits you.
You become entangled in the net!
Things that are here:
a throwing net; a throwing net You tear a large gash into the net.
You struggle against the net.
You rip the net and break free!
You see here a ball python corpse.
The gnoll closely misses you. The gnoll attacks as it pursues you!
The gnoll hits you from afar with a +0 spear!
You take 9 damage, and have 11/23 hp.
MASSIVE DAMAGE!!
The gnoll hits you with a +0 spear!
* * * LOW HITPOINT WARNING * * *
The gnoll hits you from afar with a +0 spear.
* * * LOW HITPOINT WARNING * * *
You take 10 damage, and have 1/23 hp.
MASSIVE DAMAGE!!
You tentacle-slap the gnoll but do no damage.
Your grab misses the gnoll. The gnoll barely misses you.
The gnoll closely misses you.
It was a potion of brilliance.
You feel clever all of a sudden. The gnoll hits you with a +0 spear.
You die...

#...............#
#...............#
#....)..........#
#............)..#
#...............#
#......g........#
#...............#
#########(......#
#.hggg#+#####
####.##### #....#
#+# ###....# ###
... #.+....#
..####.###.#....#
..#........'....#
..#.####...#....#
..#.####..##....#


You could see 3 gnolls.

Vanquished Creatures
  5 bats
  3 endoplasms (D:1)
  A giant cockroach (D:1)
  5 goblins
  4 hobgoblins
  4 jackals (D:1)
  3 quokkas
  6 ball pythons
  A frilled lizard (D:1)
  3 kobolds (D:2)
  4 rats (D:1)
39 creatures vanquished.

Notes
Turn   | Place    | Note
-------+----------+-------------------------------------------
     0 | D:1      | Dirtsage the Octopode Shapeshifter began the quest for the
                  | Orb.
     0 | D:1      | Reached XP level 1. HP: 13/13 MP: 1/1
   111 | D:1      | Reached XP level 2. HP: 18/18 MP: 2/2
   343 | D:1      | Reached XP level 3. HP: 23/23 MP: 3/3
   751 | D:2      | HP: 1/23 [gnoll/+0 spear (4)]
   753 | D:2      | Slain by a gnoll

Illustrated notes

Levels and vault maps discovered:
D:1:      dpeg_arrival_water_temple_mockup, layout_basic
D:2:      layout_basic, kennysheep_generic_room_11

Action                     || total
---------------------------++-------
  Melee: Unarmed           ||    59
         Tentacles         ||    10
         Constrict         ||    13
    Use: Potion            ||     1
   Stab: Sleeping          ||     7
 Armour: Skin              ||    20
  Dodge: Dodged            ||    28
  Block: Other             ||     1

Table legend: (Time is in decaauts)
 A = Elapsed time spent in this place.
 B = Non-inter-level travel time spent in this place.
 C = Inter-level travel time spent in this place.
 D = Time resting spent in this place.
 E = Time spent auto-exploring this place.
 F = Levels seen in this place.
 G = Mean time per level.
                   A        B        C        D        E       F      G
               +--------+--------+--------+--------+--------+-----+--------+
         Total |    748 |    738 |     10 |      0 |    542 |   2 |  374.0 |
       Dungeon |    748 |    738 |     10 |      0 |    542 |   2 |  374.0 |
               +--------+--------+--------+--------+--------+-----+--------+

Top non-repeatable levels by time:
     D:1: 552 daAuts
     D:2: 196 daAuts
